 Dungeon Crawl Stone Soup version 0.29.1-14-g9c671dbff4 (webtiles) character file.

Game seed: 16148471865092602261

327 KittyFluff the Cudgeller (level 6, -1/39 HPs)
             Began as a Gargoyle Berserker on Feb 21, 2023.
             Was a Believer of Trog.
             Slain by a gnoll
             ... wielding a +0 spear
             ... led by a gnoll bouda
              (5 damage)
             ... on level 5 of the Dungeon.
             The game lasted 00:16:25 (4377 turns).

KittyFluff the Cudgeller (Gargoyle Berserker)       Turns: 4377, Time: 00:16:26

Health: -1/39      AC:  7    Str: 21    XL:     6   Next: 50%
Magic:  6/6        EV: 12    Int:  7    God:    Trog [**....]
Gold:   343        SH:  0    Dex: 11    Spells: 5/5 levels left

rFire   . . .      SeeInvis .   a - +0 mace
rCold   + . .      Faith    .   (no shield)
rNeg    + . .      Spirit   .   c - +0 leather armour
rPois   ∞          Reflect  .   (no helmet)
rElec   +          Harm     .   (no cloak)
rCorr   .          Rampage  .   (no gloves)
Will    .....                   (no boots)
Stlth   +.........              (no amulet)
HPRegen 0.13/turn               v - ring of protection from cold
MPRegen 0.10/turn               (no ring)

@: on berserk cooldown, slowed, very slow
A: sickness immunity, AC +4, negative energy resistance 1, electricity
resistance, torment resistance 1, petrification resistance
a: Renounce Religion, Berserk, Trog's Hand


You were on level 5 of the Dungeon.
You worshipped Trog.
Trog was pleased with you.
You visited 1 branch of the dungeon, and saw 5 of its levels.

You collected 343 gold pieces.

Inventory:

Hand Weapons
 a - a +0 mace (weapon)
 g - a +0 sling
 u - a +0 sling
Missiles
 e - 32 stones (quivered)
 j - 8 boomerangs
Armour
 c - a +0 leather armour (worn)
 k - a +0 ring mail
 w - a +0 scale mail
Jewellery
 v - a ring of protection from cold (left hand)
Scrolls
 f - 3 scrolls of teleportation
 h - 2 scrolls of noise {unknown}
 i - a scroll of enchant weapon {unknown}
 q - 2 scrolls of blinking {unknown}
 r - a scroll of poison {unknown}
 t - a scroll of magic mapping {unknown}
Potions
 b - a potion of lignification
 d - a potion of ambrosia
 l - 4 potions of curing {unknown}
 m - 2 potions of brilliance {unknown}
 n - a potion of haste
 o - a potion of flight {unknown}
 p - a potion of cancellation {unknown}
 s - a potion of degeneration {unknown}
 x - a potion of invisibility {unknown}


   Skills:
 + Level 4.5 Fighting
 + Level 4.9 Maces & Flails
 * Level 3.8 Armour
 + Level 2.4 Dodging
 + Level 1.6 Stealth


You had 5 spell levels left.
You didn't know any spells.
Your spell library was empty.

Dungeon Overview and Level Annotations

Branches:
Dungeon (5/15)
 Temple: D:4-7

Altars:
Dithmenos
Elyvilon
Gozag
Hepliaklqana
Makhleb
Nemelex Xobeh
Qazlal
Sif Muna
Trog
Vehumet
Wu Jian
Zin
The Shining One

Shops:
D:1 (


Innate Abilities, Weirdness & Mutations

You are immune to sickness and miasma.
Your stone body is resilient. (AC +4)
You are immune to poison.
You resist negative energy. (rN+)
You are resistant to electric shocks. (rElec)
You are resistant to unholy torment.
You are immune to petrification.


Message History

Trog accepts your kill. The gnoll misses you.
You hit the gnoll.
The gnoll is lightly wounded.
The gnoll hits you with a +0 whip.
* * * LOW HITPOINT WARNING * * *
The gnoll hits you from afar with a +0 spear.
* * * LOW HITPOINT WARNING * * *
You closely miss the gnoll.
The gnoll is lightly wounded.
The gnoll hits you with a +0 whip.
* * * LOW HITPOINT WARNING * * *
You closely miss the gnoll.
The gnoll is lightly wounded.
Your attacks no longer feel as feeble.
The gnoll hits you from afar with a +0 spear.
* * * LOW HITPOINT WARNING * * *
The gnoll closely misses you.
You sock the gnoll!
The gnoll is almost dead.
The gnoll hits you but does no damage.
You hit the gnoll.
You kill the gnoll!
Trog accepts your kill. The gnoll closely misses you.
Things that are here:
a +0 whip; a +0 flail; 5 stones You feel a strong urge to attack something.
The gnoll is no longer moving quickly.
The gnoll bouda barely misses you. The gnoll hits you but does no damage.
You see here a +0 leather armour.
You sock the gnoll!
The gnoll is almost dead.
You are no longer berserk.
You are exhausted.
You feel yourself slow down.
The gnoll bouda barks out a call to the hunt!
The gnoll picks up the pace!
The gnoll hits you with a +0 spear.
You die...

########################
....# ....# ....# ######
....# #....# #####
#....# # #....# #
###########....##### #
#........##.@....... #
#........##)gg....##
#####....<.....#......#
....#..........#........
....####)......#.......#
....'.:........+......>.
....####.......#.......#
....# #.......#.......#
##### ###########+###.


You could see a gnoll bouda and a gnoll (swift).

Vanquished Creatures
  An ogre (D:5)
  A scorpion (D:4)
  A hound (D:4)
  3 gnolls
  3 adders (D:3)
  2 white imps (D:5)
  A worm (D:2)
  4 dart slugs
  5 orcs
  3 endoplasms
  2 giant cockroaches
  4 goblins
  6 hobgoblins
  4 jackals (D:3)
  5 quokkas
  5 ball pythons
  6 bats
  5 frilled lizards
  3 kobolds
  7 rats
71 creatures vanquished.

Notes
Turn   | Place    | Note
-------+----------+-------------------------------------------
     0 | D:1      | KittyFluff the Gargoyle Berserker began the quest for the
                  | Orb.
     0 | D:1      | Reached XP level 1. HP: 14/14 MP: 1/1
   203 | D:1      | Reached XP level 2. HP: 19/19 MP: 2/2
   449 | D:1      | Reached XP level 3. HP: 18/24 MP: 3/3
   482 | D:1      | Found Luozuuva's Weapon Emporium.
   557 | D:1      | Reached ** piety under Trog
   819 | D:1      | Found a faded altar of an unknown god.
  2060 | D:3      | Reached XP level 4. HP: 24/29 MP: 4/4
  2219 | D:3      | Found a shimmering blue altar of Sif Muna.
  2822 | D:3      | Found a glowing silver altar of Zin.
  2822 | D:3      | Found a white marble altar of Elyvilon.
  2822 | D:3      | Found a glowing golden altar of the Shining One.
  3141 | D:4      | Found an opulent altar of Gozag.
  3144 | D:4      | Found a sparkling altar of Nemelex Xobeh.
  3147 | D:4      | Found a shadowy altar of Dithmenos.
  3148 | D:4      | Found a radiant altar of Vehumet.
  3151 | D:4      | Found a bloodstained altar of Trog.
  3152 | D:4      | Found an ornate altar of the Wu Jian Council.
  3153 | D:4      | Found a burning altar of Makhleb.
  3158 | D:4      | Found a stormy altar of Qazlal.
  3161 | D:4      | Found a hazy altar of Hepliaklqana.
  3261 | D:4      | Noticed a scorpion
  3278 | D:4      | Killed a scorpion
  3279 | D:4      | Reached skill level 1 in Stealth
  3279 | D:4      | Reached XP level 5. HP: 14/33 MP: 5/5
  3913 | D:5      | Entered Level 5 of the Dungeon
  4062 | D:5      | Reached *** piety under Trog
  4166 | D:5      | Noticed an ogre
  4173 | D:5      | Killed an ogre
  4174 | D:5      | Reached XP level 6. HP: 20/39 MP: 6/6
  4377 | D:5      | Slain by a gnoll

Illustrated notes

Levels and vault maps discovered:
D:1:      scummos_arrival_simple_crosswalls, layout_basic, serial_shops,
          nicolae_diamond_shop, ebering_ecumenical_altar_hall,
          minmay_splitting_lines, minmay_tall_x
D:2:      layout_loops_corners
D:3:      layout_basic, dreamdust_divine_triumvirate, general_overflow_altar,
          serial_glass, glass_columns_c, glass_columns_a, minmay_fountain_box,
          minivault_25, wander_ebering_terrifying_dragon_lair
D:4:      layout_loops_ring, nicolae_overflow_hallway_of_the_gods
D:5:      layout_basic

Skill      XL: |  1  2  3  4 |
---------------+-------------+-----
Fighting       | 4 |  4.5
Armour         | 3 |  3.8
Maces & Flails | 4 |  4.9
Dodging        | 2 |  2.4
Stealth        | 1 |  1.6

Action                   |  1- 3 |  4- 6 || total
-------------------------+-------+-------++-------
Melee: Mace              |   110 |   122 ||   232
       Punch             |     2 |       ||     2
Throw: Stone             |       |     8 ||     8
Invok: Berserk           |       |     2 ||     2
  Use: Scroll            |     1 |     3 ||     4
 Stab: Sleeping          |       |     2 ||     2
Armor: Leather armour    |    55 |    64 ||   119
Dodge: Dodged            |    68 |    76 ||   144
